 Dungeon Crawl Stone Soup version 0.22.1-1-ga44c0e56f4 (webtiles) character file.

66 Gargoyl the Skirmisher (level 3, -5/33 HPs)
             Began as a Centaur Abyssal Knight on Oct 20, 2018.
             Was a Follower of Lugonu.
             Slain by a neqoxec (8 damage)
             ... on level 4 of the Abyss.
             The game lasted 00:03:35 (158 turns).

Gargoyl the Skirmisher (Centaur Abyssal Knight)      Turns: 158, Time: 00:03:36

Health: -5/33      AC:  4    Str: 14    XL:     3   Next: 96%
Magic:  4/4        EV: 11    Int: 11    God:    Lugonu [*.....]
Gold:   0          SH:  0    Dex:  9    Spells: 2/2 levels left

rFire    . . .     SeeInvis .   a - +1 hand axe
rCold    . . .     Gourm    .   (no shield)
rNeg     . . .     Faith    .   b - +0 leather armour
rPois    .         Spirit   .   (no helmet)
rElec    .         Reflect  .   (no cloak)
rCorr    .         Harm     .   (no gloves)
MR       .....                  (no barding)
Stlth    ..........             (no amulet)
HPRegen  0.11/turn              (no ring)
MPRegen  0.09/turn              (no ring)

@: confused, lethally poisoned (-5 -> -11), very quick
A: large, hooves 3, repulsion field 1, deformed body, speed 2, tough skin 3
a: Depart the Abyss, Renounce Religion


You were on level 4 of the Abyss.
You worshipped Lugonu.
Lugonu was aware of your devotion.
You were not hungry.

You visited 0 branches of the dungeon, and saw 0 of its levels.
You visited the Abyss 1 time.

Inventory:

Hand Weapons
 a - a +1 hand axe (weapon)
Armour
 b - a +0 leather armour (worn)
Scrolls
 e - 2 scrolls of remove curse
Comestibles
 c - 2 rations


   Skills:
 + Level 4.2 Fighting
 + Level 2.1 Axes
 + Level 1.7 Armour
 + Level 0.8 Dodging
 + Level 2.3 Invocations


You had 2 spell levels left.
You didn't know any spells.
Your spell library was empty.

Dungeon Overview and Level Annotations

Branches:
Dungeon (0/15)

Altars:


Innate Abilities, Weirdness & Mutations

You have hooves in place of feet.
Armour fits poorly on your strangely shaped body.
You cover ground very quickly.
You have extremely tough skin. (AC +3)
You are surrounded by a mild repulsion field. (EV +2)


Message History

You feel sick.
The golden eye turns its gaze towards you.
The guardian serpent closely misses you.
The golden eye blinks at you.
You are more confused.
The golden eye blinks at you. You resist with almost no effort.
The golden eye blinks at you.
The crimson imp blinks!
The guardian serpent barely misses you.
You miss the golden eye. Your kick misses the golden eye.
You barely miss the golden eye. You miss the golden eye.
You miss the guardian serpent.
Your leather armour prevents you from hitting the neqoxec.
You feel sick. The golden eye blinks at you.
You are more confused.
The golden eye blinks!
The guardian serpent hits you!
* * * LOW HITPOINT WARNING * * *
The neqoxec hits you!
You die...

. ## . .#
#.#
####...###
.. ...###.#
.#. #. ##.#
#....#.#...#
#
#.......#..#
..
#.≈♣#.#∩..#
#. # .
#♣#..#GG## #
# #≈ #.5S@#
.# .
#.≈≈.#53§#
.. .#
≈♣.#.## #. #
..#≈≈#... .
. #..#≈≈.# .
# ..#..G..
#.# #..#.
.#≈5. . #...
#


You could see a guardian serpent, a neqoxec, a crimson imp, 3 golden eyes and 2
white imps.

Vanquished Creatures (collateral kills)
  A golden eye (Abyss:4)
1 creature vanquished.

Notes
Turn   | Place    | Note
-------+----------+-------------------------------------------
     0 | Abyss:1  | Gargoyl the Centaur Abyssal Knight began the quest for the
                  | Orb.
     0 | Abyss:1  | Reached XP level 1. HP: 19/19 MP: 2/2
    31 | Abyss:3  | Noticed a chaos spawn
    76 | Abyss:4  | Noticed a golden eye
   134 | Abyss:4  | Noticed a golden eye
   141 | Abyss:4  | Noticed a golden eye
   142 | Abyss:4  | Noticed a golden eye
   144 | Abyss:4  | Killed a golden eye
   144 | Abyss:4  | Reached skill level 4 in Fighting
   144 | Abyss:4  | Reached XP level 2. HP: 27/27 MP: 3/3
   144 | Abyss:4  | Reached XP level 3. HP: 33/33 MP: 4/4
   147 | Abyss:4  | Noticed a neqoxec
   151 | Abyss:4  | Noticed a guardian serpent
   152 | Abyss:4  | Gained mutation: You are surrounded by a mild repulsion
                  | field. (EV +2) [a neqoxec]
   158 | Abyss:4  | Slain by a neqoxec

Skill      XL: |  1 |
---------------+----+-----
Fighting       | 4 |  4.2
Axes           | 2 |  2.1
Armour         | |  1.7
Dodging        | |  0.8
Invocations    | |  2.3

Action                   || total
-------------------------++-------
Melee: Hand axe          ||     7
Evoke: Sack of spiders   ||     1
  Use: Scroll            ||     1
       Potion            ||     1
Dodge: Dodged            ||     4
